 Dungeon Crawl Stone Soup version 0.31-a0-366-ga77b45bd9b (webtiles) character file.

Game seed: 10288520411675740367

34 AdnanSaban the Covered (level 3, -3/23 HPs)
             Began as a Gargoyle Fighter on July 28, 2023.
             Slain by Natasha (7 damage)
             ... on level 2 of the Dungeon.
             The game lasted 00:00:42 (726 turns).

AdnanSaban the Covered (Gargoyle Fighter)            Turns: 726, Time: 00:00:42

Health: -3/23      AC: 10    Str: 21    XL:     3   Next: 31%
Magic:  3/3        EV:  9    Int:  8    God:
Gold:   35         SH:  4    Dex:  9    Spells: 2/2 levels left

rFire   . . .        a - +0 flail
rCold   . . .        c - +0 buckler
rNeg    + . .        b - +0 scale mail
rPois   ∞            (no helmet)
rElec   +            (no cloak)
rCorr   .            (no gloves)
SInv    .            (no boots)
Will    .....        (no amulet) Stlth
                     (no ring)
HPRegen 0.23/turn    (no ring)
MPRegen 0.08/turn

%: no passive effects
@: no status effects
A: sickness immunity, AC +3, negative energy resistance 1, electricity
resistance, torment resistance 1, petrification resistance
a: no special abilities


You were on level 2 of the Dungeon.
You visited 1 branch of the dungeon, and saw 2 of its levels.

You collected 35 gold pieces.

Inventory:

Hand Weapons
 a - a +0 flail (weapon)
Armour
 b - a +0 scale mail (worn)
 c - a +0 buckler (worn)
Jewellery
 h - a ring of fire
Scrolls
 g - 2 scrolls of identify {unknown}
Potions
 d - a potion of might
 e - a potion of haste {unknown}
 f - a potion of berserk rage {unknown}


   Skills:
 + Level 3.6 Fighting
 + Level 2.4 Maces & Flails
 + Level 3.7 Armour
 + Level 0.3 Dodging
 + Level 3.6 Shields


You had 2 spell levels left.
You didn't know any spells.
Your spell library was empty.

Dungeon Overview and Level Annotations

Branches:
Dungeon (2/15)

Altars:

Annotations:
D:2 Natasha


Innate Abilities, Weirdness & Mutations

You are immune to sickness and miasma.
Your stone body is resilient. (AC +3)
You are immune to poison.
You resist negative energy. (rN+)
You are resistant to electric shocks. (rElec)
You are resistant to unholy torment.
You are immune to petrification.


Message History

You hit Natasha.
Natasha is severely wounded.
The frilled lizard bites you but does no damage.
The cerulean imp closely misses you. Natasha claws you but does no damage.
The cerulean imp hits you but does no damage.
The frilled lizard misses you.
You closely miss Natasha.
Natasha is severely wounded.
Natasha claws you. The frilled lizard barely misses you.
The cerulean imp hits you but does no damage.
Natasha claws you.
* * * LOW HITPOINT WARNING * * *
You barely miss Natasha.
Natasha is severely wounded.
The frilled lizard bites you but does no damage.
The cerulean imp hits you but does no damage.
Natasha claws you but does no damage.
You closely miss Natasha.
Natasha is severely wounded.
The frilled lizard barely misses you. The cerulean imp closely misses you.
Natasha claws you but does no damage.
You barely miss Natasha.
Natasha is severely wounded.
The frilled lizard bites you but does no damage.
The cerulean imp hits you but does no damage.
Natasha claws you but does no damage. You block the frilled lizard's attack.
The cerulean imp hits you from afar with a +0 spear.
* * * LOW HITPOINT WARNING * * *
You miss Natasha.
Natasha is severely wounded.
Natasha casts a spell.
The frilled lizard hisses.
The frilled lizard bites you but does no damage.
The cerulean imp hits you but does no damage.
Natasha barely misses you.
You miss Natasha.
Natasha is severely wounded.
The frilled lizard barely misses you. You block the cerulean imp's attack.
Natasha claws you!
You die...

#####
#...#
#.#.#####
#<#.....#
#######@#
......lh#
###.....5
....#.###.
### #. ##
##


You could see Natasha, a cerulean imp (summoned) and a frilled lizard.

Vanquished Creatures
  A gnoll (D:1)
  4 ball pythons (D:1)
  2 endoplasms (D:1)
  A giant cockroach (D:1)
  3 goblins (D:1)
  4 hobgoblins (D:1)
  3 kobolds (D:1)
  A frilled lizard (D:1)
  2 rats (D:1)
21 creatures vanquished.

Notes
Turn   | Place    | Note
-------+----------+-------------------------------------------
     0 | D:1      | AdnanSaban the Gargoyle Fighter began the quest for the
                  | Orb.
     0 | D:1      | Reached XP level 1. HP: 14/14 MP: 1/1
    63 | D:1      | Reached XP level 2. HP: 15/19 MP: 2/2
   292 | D:1      | Reached XP level 3. HP: 23/23 MP: 3/3
   713 | D:2      | Noticed Natasha
   726 | D:2      | Slain by Natasha

Illustrated notes

Levels and vault maps discovered:
D:1:      dpeg_arrival_stone_temple_mockup, layout_loops_cross, minmay_cut_off
D:2:      layout_basic, kennysheep_cross_bottleneck, minmay_curled_crystal,
          minmay_indecisive_spiral, uniq_jessica, uniq_sigmund, uniq_natasha,
          uniq_terence

Action                     || total
---------------------------++-------
  Melee: Flail             ||    64
 Armour: Scale mail        ||    41
  Dodge: Dodged            ||    36
  Block: Buckler           ||    15

Table legend: (Time is in decaauts)
 A = Elapsed time spent in this place.
 B = Non-inter-level travel time spent in this place.
 C = Inter-level travel time spent in this place.
 D = Time resting spent in this place.
 E = Time spent auto-exploring this place.
 F = Levels seen in this place.
 G = Mean time per level.
                   A        B        C        D        E       F      G
               +--------+--------+--------+--------+--------+-----+--------+
         Total |    746 |    692 |     54 |      0 |    549 |   2 |  373.0 |
       Dungeon |    746 |    692 |     54 |      0 |    549 |   2 |  373.0 |
               +--------+--------+--------+--------+--------+-----+--------+

Top non-repeatable levels by time:
     D:1: 721 daAuts
     D:2: 24 daAuts
